 Dungeon Crawl Stone Soup version 0.19.5 (webtiles) character file.

590 Dickchan the Vexing (level 7, -5/46 HPs)
             Began as a Vampire Enchanter on Apr 29, 2017.
             Was an Initiate of Dithmenos.
             Shot with an arrow by a centaur (8 damage)
             ... on level 5 of the Dungeon.
             The game lasted 00:08:43 (4731 turns).

Dickchan the Vexing (Vampire Enchanter)             Turns: 4731, Time: 00:08:43

Health: -5/46      AC:  3    Str:  7    XL:     7   Next: 15%
Magic:  10/10      EV: 13    Int: 19    God:    Dithmenos [......]
Gold:   192        SH:  0    Dex: 15    Spells: 3 memorised, 4 levels left

rFire  + . .     SeeInvis +     s - +1 dagger (vamp)
rCold  . . .     Gourm    .     b - +1 robe
rNeg   + . .     Faith    .     (no shield)
rPois  .         Spirit   .     (no helmet)
rElec  .         Reflect  .     (no cloak)
rCorr  .         Harm     .     (no gloves)
MR     .....                    (no boots)
Stlth  ++++......               (no amulet)
                                (no ring)
                                k - ring of protection from fire

@: no status effects
A: fangs 3, see invisible, unbreathing
a: Bat Form, Renounce Religion


You were on level 5 of the Dungeon.
You worshipped Dithmenos.
Dithmenos was noncommittal.
You were not thirsty.

You visited 1 branch of the dungeon, and saw 5 of its levels.

You collected 192 gold pieces.

Inventory:

Hand Weapons
 a - a +1 dagger
 s - a +1 vampiric dagger (weapon)
Armour
 b - a +1 robe (worn)
Jewellery
 d - a +4 ring of dexterity {unknown}
 k - a ring of protection from fire (left hand)
 q - a cursed ring of loudness {unknown}
Wands
 j - a wand of paralysis (15/24)
 p - a wand of hasting (6/9)
Scrolls
 e - 7 scrolls of remove curse {unknown}
 h - a scroll of enchant weapon {unknown}
 l - 2 scrolls of enchant armour {unknown}
 m - 2 scrolls of identify {unknown}
 r - a scroll of random uselessness {unknown}
 t - a scroll of magic mapping {unknown}
 v - a scroll of noise {unknown}
 y - a scroll of teleportation {unknown}
Potions
 f - 4 potions of curing {unknown}
 g - 2 potions of heal wounds {unknown}
 i - a potion of invisibility {unknown}
 n - a potion of magic {unknown}
 o - a potion of cancellation {unknown}
 u - a potion of ambrosia {unknown}
 w - a potion of might {unknown}
 x - 2 potions of berserk rage {unknown}
Books
 c - a book of Maledictions

   Spells                             Type                      Level
   a - Corona                         Hexes                        1
   b - Ensorcelled Hibernation        Hexes/Ice                    2
   c - Confuse                        Hexes                        3
   d - Tukima's Dance                 Hexes                        3
   e - Dazzling Spray                 Conjuration/Hexes            3


   Skills:
 * Level 5.9 Short Blades
 - Level 2.1 Dodging
 + Level 7.1 Stealth
 - Level 2.0 Spellcasting
 + Level 7.3 Hexes


You had 4 spell levels left.
You knew the following spells:

 Your Spells              Type           Power        Failure   Level  Hunger
a - Ensorcelled Hibernat  Hex/Ice        ###...       8%          2    ###....
b - Corona                Hex            ####...      1%          1    #......
c - Dazzling Spray        Conj/Hex       ###...       12%         3    ###....


Dungeon Overview and Level Annotations

Branches:
Dungeon (5/15)
 Temple: D:4-7

Altars:
Dithmenos
Fedhas
Gozag
Kikubaaqudgha
Nemelex Xobeh
Qazlal
Xom
The Shining One


Innate Abilities, Weirdness & Mutations

You have razor-sharp teeth.
You have supernaturally acute eyesight. (SInv)
You can survive without breathing.


Message History

The centaur shoots an arrow.
The arrow hits you!
A gnoll comes into view. It is wielding a halberd.
The centaur shoots an arrow.
The arrow barely misses you.
The centaur shoots an arrow.
The arrow hits you.
The gnoll shouts! x2
You see here an arrow.
The centaur shoots an arrow.
The arrow hits you!
A gnoll sergeant comes into view. It is wielding a trident of piercing.
The gnoll sergeant shouts!
You see here an arrow.
The centaur shoots an arrow.
The arrow hits you!
The centaur shoots an arrow.
The arrow hits you!
* * * LOW HITPOINT WARNING * * *
You see here 2 arrows.
The centaur shoots an arrow.
The arrow completely misses you.
There is a stone staircase leading up here.
You see here 2 arrows.
The centaur shoots an arrow.
The arrow barely misses you.
The centaur shoots an arrow.
The arrow hits you!
You die...

..%(.............#
..$..g...#.##....#
............#)##.#
.........#.....(.#
.........(.....#
...%.....#(....# #
........c#.....#.#
.<.......(..(....#
a#.####...(.@....#
.. #....(####.#
.......#$# #
#.#.##.... .....
#...## ##.# .....
#. ...... .##.....


You could see a centaur.

Vanquished Creatures
  Sigmund (D:4)
  2 hounds (D:4)
  An orc priest (D:3)
  2 iguanas (D:4)
  Natasha (thrice) (D:4)
  A hound zombie (D:5)
  A hound skeleton (D:4)
  6 adders
  2 oozes
  An adder skeleton (D:4)
  2 dart slugs
  5 worms
  6 orcs
  4 bats
  2 giant cockroaches (D:1)
  7 goblins
  16 hobgoblins
  10 jackals
  7 kobolds
  4 quokkas (D:3)
  2 ball pythons (D:1)
  4 frilled lizards
  8 rats
97 creatures vanquished.

Notes
Turn   | Place    | Note
-------+----------+-------------------------------------------
     0 | D:1      | Dickchan the Vampire Enchanter began the quest for the Orb.
     0 | D:1      | Reached XP level 1. HP: 13/13 MP: 3/3
   219 | D:1      | Reached XP level 2. HP: 9/19 MP: 3/5
   526 | D:1      | Reached XP level 3. HP: 11/24 MP: 6/6
   767 | D:1      | Learned a level 2 spell: Ensorcelled Hibernation
  1202 | D:2      | Reached skill level 5 in Stealth
  1202 | D:2      | Reached skill level 5 in Hexes
  1222 | D:2      | Found a glowing golden altar of the Shining One.
  1229 | D:2      | You fall through a shaft for 2 floors!
  1277 | D:3      | Found a faded altar of an unknown god.
  1375 | D:3      | Found an opulent altar of Gozag.
  1438 | D:2      | Reached XP level 4. HP: 30/30 MP: 4/7
  1808 | D:2      | Found a stormy altar of Qazlal.
  1940 | D:3      | Learned a level 3 spell: Dazzling Spray
  1960 | D:3      | You fall through a shaft!
  2707 | D:3      | Reached XP level 5. HP: 35/35 MP: 8/8
  3051 | D:4      | Noticed a phantom
  3324 | D:4      | Noticed Sigmund
  3909 | D:4      | Killed Sigmund
  3909 | D:4      | Reached skill level 5 in Short Blades
  3909 | D:4      | Reached XP level 6. HP: 40/41 MP: 0/9
  4184 | D:4      | Noticed Natasha
  4185 | D:4      | Found a shadowy altar of Dithmenos.
  4195 | D:4      | Killed Natasha
  4201 | D:4      | Became a worshipper of Dithmenos the Shadowed
  4510 | D:4      | Reached XP level 7. HP: 43/46 MP: 10/10
  4525 | D:4      | Found a sparkling altar of Nemelex Xobeh.
  4539 | D:4      | Found a shimmering altar of Xom.
  4573 | D:4      | Found a blossoming altar of Fedhas.
  4573 | D:4      | Found an ancient bone altar of Kikubaaqudgha.
  4642 | D:4      | Noticed Natasha
  4644 | D:4      | Killed Natasha
  4672 | D:4      | Noticed Natasha
  4677 | D:4      | Killed Natasha
  4701 | D:5      | Entered Level 5 of the Dungeon
  4728 | D:5      | HP: 2/46 [centaur/arrow (13)]
  4731 | D:5      | Shot with an arrow by a centaur

Skill      XL: |  1  2  3  4  5  6  7 |
---------------+----------------------+-----
Short Blades   | 2 3 5 |  5.9
Stealth        | 5 6 7 |  7.1
Hexes          | 5 6 7 |  7.3
Dodging        | |  2.1
Spellcasting   | |  2.0

Action                   |  1- 3 |  4- 6 |  7- 9 || total
-------------------------+-------+-------+-------++-------
Melee: Dagger            |   156 |   178 |     4 ||   338
       Bite              |     9 |    16 |       ||    25
 Cast: Corona            |    11 |       |       ||    11
       Ensorcelled Hiber |     8 |    29 |     3 ||    40
 Stab: Sleeping          |    14 |    29 |     4 ||    47
       Distracted        |       |     2 |       ||     2
  Eat: Corpse            |     3 |    11 |       ||    14
Armor: Robe              |    19 |    31 |     1 ||    51
Dodge: Dodged            |   109 |   101 |     5 ||   215
